 Dungeon Crawl Stone Soup version 0.26-b1-32-g5d43845318 (webtiles) character file.

Game seed: 5610120723171351153

50375 Protean the Prestidigitator (level 14, -2/86 HPs)
             Began as a Gargoyle Ice Elementalist on Jan 9, 2021.
             Was a High Priest of Vehumet.
             Splashed by an oklob plant's acid (15 damage)
             ... on level 5 of the Lair of Beasts.
             The game lasted 00:43:28 (25060 turns).

Protean the Prestidigitator (GrIE)                 Turns: 25060, Time: 00:43:29

Health: -2/86      AC: 16    Str: 14    XL:     14   Next: 54%
Magic:  27/27      EV: 14    Int: 19    God:    Vehumet [*****.]
Gold:   1630       SH:  4    Dex: 10    Spells: 10/31 levels left

rFire    + + .     SeeInvis .   a - staff of earth
rCold    . . .     Faith    .   Q - +0 buckler
rNeg     + . .     Spirit   .   S - +3 salamander hide armour {Flames rF++ rC--}
rPois    ∞         Reflect  .   u - +2 hat
rElec    +         Harm     .   F - +0 cloak
rCorr    .         Rampage  .   i - +0 pair of gloves
Will     +....                  N - +2 pair of boots
Stlth    ++........             z - amulet of regeneration
HPRegen  0.64/turn              Z - ring of protection from cold
MPRegen  0.20/turn              y - ring of protection from cold

@: about to teleport, corroded
A: big wings, negative energy resistance 1, electricity resistance, unbreathing,
petrification resistance, miasma immunity, AC +10
a: Fly, Renounce Religion


You were on level 5 of the Lair of Beasts.
You worshipped Vehumet.
Vehumet was extremely pleased with you.
You visited 3 branches of the dungeon, and saw 20 of its levels.
You also visited: Bailey.

You collected 2058 gold pieces.
You spent 428 gold pieces at shops.

Inventory:

Armour
 i - a +0 pair of gloves (worn)
 u - a +2 hat (worn)
 F - a +0 cloak (worn)
 N - a +2 pair of boots (worn)
 Q - a +0 buckler (worn)
 S - the +3 salamander hide armour (worn) {Flames rF++ rC--}
   (You found it on level 13 of the Dungeon)

   It greatly protects you from fire.
   It makes you very vulnerable to cold.
Magical Staves
 a - an uncursed staff of earth (weapon)
Jewellery
 f - an uncursed ring of resist corrosion
 l - an uncursed ring of positive energy
 y - a ring of protection from cold (right hand)
 z - an amulet of regeneration (around neck)
 V - an uncursed ring of positive energy
 Z - a ring of protection from cold (left hand)
Wands
 e - a wand of digging (8)
 r - a wand of flame (7)
 s - a wand of paralysis (21)
 A - a wand of disintegration (31)
 C - a wand of acid (8)
 H - a wand of iceblast (9)
 P - a wand of random effects (10)
 R - a wand of enslavement (5)
Scrolls
 c - 11 scrolls of teleportation
 d - 12 scrolls of remove curse
 h - a scroll of summoning
 k - 2 scrolls of amnesia
 n - 3 scrolls of blinking
 o - 2 scrolls of magic mapping
 p - 5 scrolls of enchant weapon
 q - 4 scrolls of immolation
 G - 4 scrolls of fear
 I - 4 scrolls of identify
 K - a scroll of fog
 O - 3 scrolls of enchant armour
 W - a scroll of silence
Potions
 b - 2 potions of haste
 g - 3 potions of berserk rage
 j - a potion of mutation
 m - 8 potions of curing
 t - 5 potions of lignification
 v - 4 potions of might
 w - 3 potions of cancellation {unknown}
 x - 6 potions of brilliance {unknown}
 B - 2 potions of resistance
 D - 3 potions of invisibility
 E - 3 potions of magic {unknown}
 J - 3 potions of heal wounds {unknown}
 L - a potion of experience {unknown}
 U - 2 potions of flight {unknown}
Miscellaneous
 M - a lightning rod (4/4)
 X - a phantom mirror


   Skills:
 + Level 9.1 Fighting
 + Level 0.5 Staves
 + Level 5.2 Armour
 * Level 6.1 Dodging
 - Level 5.0 Stealth
 - Level 4.0 Shields
 - Level 9.1 Spellcasting
 + Level 8.3 Conjurations
 - Level 5.0 Summonings
 - Level 10.9 Ice Magic
 + Level 4.3 Air Magic
 + Level 0.4 Earth Magic
 - Level 11.3 Evocations


You had 10 spell levels left.
You knew the following spells:

 Your Spells              Type           Power        Failure   Level
a - Freeze                Ice            100%         1%          1
b - Frozen Ramparts       Ice            100%         1%          3
c - Ozocubu's Armour      Ice            50%          1%          3
d - Iron Shot             Conj/Erth      18%          52%         6
e - Hailstorm             Conj/Ice       45%          1%          4
f - Summon Lightning Spi  Summ/Air       26%          14%         4

Your spell library contained the following spells:

 Spells                   Type           Power        Failure   Level
 Iskenderun's Mystic Bla  Conj/Tloc      24%          5%          4
 Shock                    Conj/Air       100%         1%          1
 Summon Small Mammal      Summ           100%         1%          1
 Call Imp                 Summ           27%          1%          2
 Ensorcelled Hibernation  Hex/Ice        58%          1%          2
 Dazzling Flash           Conj/Hex       48%          1%          3
 Mephitic Cloud           Conj/Pois/Air  24%          1%          3
 Static Discharge         Conj/Air       32%          1%          3
 Swiftness                Air            25%          2%          2
 Call Canine Familiar     Summ           27%          3%          3
 Summon Ice Beast         Ice/Summ       38%          3%          4
 Airstrike                Air            12%          4%          4
 Lightning Bolt           Conj/Air       16%          5%          5
 Poisonous Vapours        Pois/Air       32%          6%          2
 Ignite Poison            Fire/Tmut/Pois 13%          9%          3
 Animate Skeleton         Necr           16%          10%         1
 Corona                   Hex            8%           10%         1
 Pain                     Necr           32%          10%         1
 Sting                    Tmut/Pois      32%          10%         1
 Summon Guardian Golem    Hex/Summ       18%          11%         3
 Bolt of Magma            Conj/Fire/Erth 22%          21%         5
 Olgreb's Toxic Radiance  Pois           8%           24%         4
 Metabolic Englaciation   Hex/Ice        14%          28%         5
 Confusing Touch          Hex            8%           30%         3
 Gell's Gravitas          Tloc           4%           30%         3
 Tukima's Dance           Hex            8%           30%         3
 Vampiric Draining        Necr           4%           30%         3
 Yara's Violent Unravell  Hex/Tmut       4%           54%         5
 Leda's Liquefaction      Hex/Erth       7%           67%         4
 Petrify                  Tmut/Erth      14%          67%         4
 Animate Dead             Necr           4%           69%         4
 Agony                    Necr           8%           95%         5
 Shatter                  Erth           7%           100%        9
 Statue Form              Tmut/Erth      Unusable     N/A         6

Dungeon Overview and Level Annotations

Branches:
Dungeon (14/15)            Temple (1/1) D:6            Lair (5/6) D:10
 Shoals (0/4) Lair:3        Snake (0/4) Lair:4        Slime (0/5) Lair:5
    Orc (0/2) D:9          Bailey (visited)
 Vaults: D:13-14

Altars:
Ashenzari
Cheibriados
Dithmenos
Elyvilon
Fedhas
Gozag
Hepliaklqana
Kikubaaqudgha
Makhleb
Nemelex Xobeh
Okawaru
Qazlal
Ru
Sif Muna
Trog
Uskayaw
Vehumet
Wu Jian
Xom
Yredelemnul
Zin
The Shining One

Shops:
D:6 *   D:12 [*

Annotations:
Lair:5 exclusion: 2 oklob plants


Innate Abilities, Weirdness & Mutations

You are resistant to torment.
Your stone body is resilient. (AC +10)
You are immune to poison.
Your large and strong wings let you fly indefinitely.
You resist negative energy. (rN+)
You are resistant to electric shocks. (rElec)
You can survive without breathing.
You are immune to petrification.
You are immune to miasma.


Message History

The oklob plant is engulfed in blazing flames.
The oklob plant spits acid at you. The splash of acid misses you.
Unknown command.
Unknown command.
You hit the oklob plant but do no damage.
The oklob plant is severely damaged.
The oklob plant is engulfed in blazing flames.
You destroy the oklob plant!
Vehumet accepts your kill.
Unknown command.
As you read the scroll of teleportation, it crumbles to dust.
You feel strangely unstable. The oklob plant spits acid at you.
The splash of acid hits you! The acid corrodes you!
You are splashed with acid!
The oklob plant spits acid at you. The splash of acid hits you!
* * * LOW HITPOINT WARNING * * *
You are splashed with acid!
You die...

.### #..#.#..>...#..#...#.#
#.# #..##...<...#..#.....##
###
##....#.......#.....#..# .#
#............##....#..## ##
#.............#.......##
####.#.#....P##.......P#
#####.(.$.##....#.###
#○☼...##..##.##
#@○...##..#.##
#○○}P[##...#.# ###
#..P$.#.....##
##########.##########....##
##.....##..##.## #..###
...............# #..P#
################ #####


You could see 2 oklob plants.

Vanquished Creatures
  An orc warlord (Bailey)
  Josephine (Lair:5)
  2 hydras
  A boulder beetle (D:13)
  A catoblepas (Lair:4)
  A death knight (D:13)
  3 two-headed ogres
  2 centaur warriors
  A tengu warrior (D:13)
  Urug (D:10)
  A queen ant (D:8)
  Nergalle (Lair:1)
  An unseen horror (D:10)
  A deep troll (D:9)
  A wolf spider zombie (D:8)
  3 deep elf magi
  2 oklob plants (Lair:5)
  A cyclops (D:13)
  4 centaur zombies
  Joseph (D:10)
  A black mamba (Lair:1)
  A gargoyle (D:10)
  5 torpor snails
  4 centaur skeletons
  Maggie (D:9)
  6 cane toads
  6 komodo dragons
  2 kobold demonologists (D:12)
  2 hellwings
  A tengu conjurer (D:13)
  2 trolls
  2 polar bears (Lair:4)
  15 blink frogs
  Grinder (D:4)
  3 slime creatures (Lair:5)
  A shadow (D:12)
  Sigmund (D:4)
  39 yaks
  8 wyverns
  6 wraiths
  Eustachio (D:4)
  5 basilisks
  Edmund (D:4)
  2 nagas (Lair:4)
  6 soldier ants (D:8)
  4 water moccasins
  9 orc warriors
  6 sky beasts
  A phantom (D:7)
  A hornet zombie (D:13)
  An ice beast (D:13)
  7 ogres
  23 wolves
  8 centaurs
  3 big kobolds
  A gnoll sergeant (D:12)
  18 bullfrogs
  7 scorpions
  14 killer bees
  8 wights
  2 howler monkeys
  A bullfrog zombie (D:12)
  6 jellies
  9 hounds
  A quasit (D:11)
  A bullfrog skeleton (D:12)
  3 orc priests
  5 iguanas
  8 orc wizards
  24 worker ants
  2 killer bee zombies
  Robin (D:3)
  A worker ant zombie (D:5)
  15 gnolls
  12 adders
  4 shadow imps (D:8)
  2 ufetubi
  An ooze (D:1)
  An adder skeleton (D:4)
  5 worms
  A dart slug (D:2)
  11 leopard geckos
  52 orcs
  A ball python (D:3)
  11 bats
  7 giant cockroaches
  22 goblins
  11 hobgoblins
  8 jackals
  5 quokkas
  10 frilled lizards
  2 jackal zombies
  25 kobolds
  7 rats
540 creatures vanquished.

Vanquished Creatures (collateral kills)
  A hydra (Lair:3)
  A two-headed ogre (D:9)
  A wolf spider zombie (D:8)
  An ugly thing (D:12)
  A centaur skeleton (D:8)
  A troll (D:10)
  3 blink frogs
  A wraith (D:8)
  A yak (D:9)
  3 orc warriors
  2 centaurs
  2 wights
  A bullfrog zombie (D:8)
  An orc wizard (D:13)
  3 gnolls (D:9)
  A shadow imp (D:8)
  3 orcs
27 creatures vanquished.

Vanquished Creatures (others)
  A human (D:4)
  111 fungi
  125 plants
  11 withered plants (D:8)
248 creatures vanquished.

Grand Total: 815 creatures vanquished

Notes
Turn   | Place    | Note
-------+----------+-------------------------------------------
     0 | D:1      | Protean the Gargoyle Ice Elementalist began the quest for
                  | the Orb.
     0 | D:1      | Reached XP level 1. HP: 10/10 MP: 3/3
   145 | D:1      | Reached skill level 1 in Fighting
   181 | D:1      | Reached XP level 2. HP: 17/17 MP: 0/5
   816 | D:1      | Reached XP level 3. HP: 20/22 MP: 2/6
   867 | D:1      | Learned a level 3 spell: Frozen Ramparts
  1275 | D:2      | Found a basalt altar of Yredelemnul.
  1279 | D:2      | Noticed a scorpion
  1284 | D:2      | Killed a scorpion
  1285 | D:2      | Reached XP level 4. HP: 17/27 MP: 3/8
  1646 | D:2      | Found a white marble altar of Elyvilon.
  2072 | D:2      | Found a sacrificial altar of Ru.
  2075 | D:2      | Found a stormy altar of Qazlal.
  2082 | D:2      | Learned a level 3 spell: Ozocubu's Armour
  2302 | D:2      | Reached XP level 5. HP: 32/32 MP: 4/9
  2374 | D:3      | Noticed Robin
  2561 | D:3      | Killed Robin
  2888 | D:3      | Reached skill level 5 in Ice Magic
  3329 | D:3      | Reached XP level 6. HP: 37/38 MP: 6/10
  3532 | D:3      | Learned a level 4 spell: Summon Ice Beast
  3595 | D:3      | Found a blossoming altar of Fedhas.
  3676 | D:4      | Noticed Edmund
  3688 | D:4      | Killed Edmund
  3689 | D:4      | Reached skill level 1 in Summonings
  3943 | D:4      | Found an ancient bone altar of Kikubaaqudgha.
  3966 | D:4      | Noticed a human
  3967 | D:4      | Killed a human
  4274 | D:4      | Noticed Sigmund
  4281 | D:4      | Reached XP level 7. HP: 43/43 MP: 5/12
  4289 | D:4      | Killed Sigmund
  4599 | D:4      | Noticed Eustachio
  4608 | D:4      | Killed Eustachio
  4784 | D:4      | Found an iron altar of Okawaru.
  4785 | D:4      | Found a snail-covered altar of Cheibriados.
  4939 | D:4      | Reached XP level 8. HP: 41/48 MP: 9/14
  4980 | D:4      | Noticed Grinder
  4991 | D:4      | Paralysed by Grinder for 6 turns
  5001 | D:4      | Paralysed by Grinder for 7 turns
  5011 | D:4      | Killed Grinder
  5012 | D:4      | Reached skill level 5 in Fighting
  5012 | D:4      | Reached skill level 1 in Evocations
  5108 | D:5      | Entered Level 5 of the Dungeon
  5288 | D:5      | Found an ornate altar of the Wu Jian Council.
  5731 | D:5      | Reached skill level 2 in Evocations
  5901 | D:5      | Found a sparkling altar of Nemelex Xobeh.
  5901 | D:5      | Found a shadowy altar of Dithmenos.
  6289 | D:6      | Found Poses's Assorted Antiques.
  6292 | D:6      | Bought a scroll labelled ENGECYV FAYWKIZI for 31 gold
                  | pieces
  6292 | D:6      | Bought a scroll labelled BUHIQUYCWUUVI for 31 gold pieces
  6292 | D:6      | Bought a golden potion for 27 gold pieces
  6292 | D:6      | Bought a scroll of identify for 62 gold pieces
  6292 | D:6      | Bought a short iron wand for 124 gold pieces
  6977 | D:6      | Found a staircase to the Ecumenical Temple.
  6989 | Temple   | Entered the Ecumenical Temple
  7222 | D:7      | Reached skill level 3 in Evocations
  7223 | D:7      | Reached XP level 9. HP: 45/54 MP: 11/16
  7263 | D:7      | Reached skill level 5 in Summonings
  7409 | D:7      | Reached skill level 5 in Spellcasting
  7641 | D:7      | Reached skill level 4 in Evocations
  7723 | D:7      | Learned a level 4 spell: Hailstorm
  7871 | D:7      | Reached skill level 1 in Conjurations
  8350 | D:7      | Reached skill level 5 in Evocations
  8940 | D:8      | Reached XP level 10. HP: 49/61 MP: 10/18
  8948 | D:8      | Noticed a queen ant
  9110 | D:8      | Reached skill level 6 in Evocations
  9150 | D:8      | Killed a queen ant
 10125 | D:8      | Reached skill level 7 in Evocations
 10317 | D:8      | Reached XP level 11. HP: 51/66 MP: 3/20
 11340 | D:9      | Noticed a deep elf mage
 11344 | D:9      | Killed a deep elf mage
 11345 | D:9      | Reached skill level 5 in Conjurations
 11424 | D:9      | Noticed a two-headed ogre
 11424 | D:9      | Noticed a deep troll
 11479 | D:9      | Killed a two-headed ogre
 11484 | D:9      | Killed a deep troll
 11723 | D:9      | Found a flagged portal.
 11760 | Bailey   | Entered a bailey
 11820 | Bailey   | Noticed an orc warlord
 11900 | Bailey   | Found a runed translucent gate.
 11901 | Bailey   | Found a runed translucent gate.
 11902 | Bailey   | Found a runed translucent gate.
 11931 | Bailey   | Reached skill level 8 in Evocations
 12180 | Bailey   | Killed an orc warlord
 12488 | D:9      | Reached skill level 5 in Stealth
 12759 | D:9      | Found a staircase to the Orcish Mines.
 13195 | D:9      | Found an opulent altar of Gozag.
 13215 | D:9      | Found a radiant altar of Vehumet.
 13481 | D:9      | Found a hide-covered altar of Uskayaw.
 13620 | D:10     | Entered Level 10 of the Dungeon
 13712 | D:10     | Noticed Maggie
 13725 | D:9      | Killed Maggie
 14238 | D:10     | Noticed a two-headed ogre
 14280 | D:10     | Killed a two-headed ogre
 14281 | D:10     | Reached skill level 9 in Evocations
 14281 | D:10     | Reached XP level 12. HP: 44/71 MP: 10/23
 14525 | D:10     | Noticed a centaur warrior
 14540 | D:10     | Killed a centaur warrior
 14541 | D:10     | Reached skill level 5 in Dodging
 14765 | D:10     | Found a staircase to the Lair.
 14816 | D:9      | Found a glowing golden altar of the Shining One.
 14827 | D:9      | Became a worshipper of Vehumet
 14894 | D:10     | Noticed Urug
 14900 | D:10     | Killed Urug
 15137 | D:10     | Noticed Joseph
 15149 | D:10     | Killed Joseph
 15715 | D:11     | Reached * piety under Vehumet
 15715 | D:11     | Offered knowledge of Shock by Vehumet.
 15849 | D:11     | Learned a level 4 spell: Summon Lightning Spire
 16545 | D:12     | Noticed a two-headed ogre
 16554 | D:12     | Killed a two-headed ogre
 16555 | D:12     | Reached skill level 1 in Air Magic
 16555 | D:12     | Reached skill level 10 in Evocations
 17347 | D:12     | Found Homual's Demolitions Depot.
 17362 | D:12     | Found Kowueptusym's Antique Armour Shoppe.
 17369 | D:12     | Bought a buckler for 153 gold pieces
 18089 | D:13     | Found the +3 salamander hide armour {Flames rF++ rC--}
 18144 | D:13     | Noticed a two-headed ogre
 18152 | D:13     | Noticed a boulder beetle
 18173 | D:13     | Killed a two-headed ogre
 18174 | D:13     | Reached skill level 1 in Shields
 18228 | D:13     | Reached skill level 10 in Ice Magic
 18409 | D:13     | Identified a scroll of acquirement
 18410 | D:13     | Acquired 716 gold pieces
 18462 | D:13     | Reached XP level 13. HP: 76/76 MP: 25/25
 18476 | D:13     | Reached skill level 1 in Armour
 18854 | D:13     | Reached ** piety under Vehumet
 18854 | D:13     | Offered knowledge of Magic Dart by Vehumet.
 19593 | Lair:1   | Entered Level 1 of the Lair of Beasts
 19895 | Lair:1   | Noticed Nergalle
 19903 | Lair:1   | Killed Nergalle
 20350 | Lair:2   | Offered knowledge of Searing Ray by Vehumet.
 20483 | Lair:2   | Reached *** piety under Vehumet
 20647 | Lair:2   | Reached skill level 11 in Evocations
 20963 | Lair:2   | Found a shimmering altar of Xom.
 21548 | Lair:3   | Offered knowledge of Conjure Flame by Vehumet.
 21633 | Lair:3   | Found a staircase to the Shoals.
 21758 | Lair:3   | Found a snail-covered altar of Cheibriados.
 22285 | Lair:3   | Gained mutation: Your large and strong wings let you fly
                  | indefinitely. [Gargoyle growth]
 22285 | Lair:3   | Reached XP level 14. HP: 84/84 MP: 27/27
 22726 | Lair:4   | Reached **** piety under Vehumet
 22793 | Lair:4   | Offered knowledge of Iskenderun's Mystic Blast by Vehumet.
 22849 | Lair:4   | Found a staircase to the Snake Pit.
 23356 | Lair:5   | Found a staircase to the Slime Pits.
 23559 | Lair:5   | Noticed Josephine
 23567 | Lair:5   | Killed Josephine
 23573 | Lair:5   | Reached skill level 5 in Armour
 23846 | Lair:5   | Learned a level 6 spell: Iron Shot
 23861 | Lair:5   | Reached ***** piety under Vehumet
 25060 | Lair:5   | Splashed by an oklob plant's acid

Illustrated notes

Levels and vault maps discovered:
D:1:      mrwooster_arrival_statue_3, layout_loops_ring, serial_bayou_pond_b
D:2:      layout_rooms, elyvilon_altar_5, minitemple, yredelemnul_altar_generic
D:3:      layout_loops_ring, fedhas_altar_4, hex_medium, uniq_robin
D:4:      layout_layer_cave, gammafunk_temple_overflow_statue,
          tgw_kikubaaqudgha, uniq_eustachio, uniq_sigmund, uniq_edmund,
          uniq_grinder
D:5:      layout_loops_ring, general_overflow_altar,
          gammafunk_temple_overflow_wave
D:6:      layout_gridville, minmay_temple_entry_proselytizer, serial_shops, shop
D:7:      wad_crossroads, layout_basic
D:8:      cheibrodos_grave_circle, layout_loops_ring, kennysheep_another_room,
          moated_statue, minmay_another_anthill
D:9:      nzn_winding_woodlands_cross [nzn_winding_woodlands_5x15_cabin,
          nzn_winding_woodlands_5x15_pockets,
          nzn_winding_woodlands_5x15_concentric,
          nzn_winding_woodlands_5x15_default,
          nzn_winding_woodlands_15x15_five_gardens], layout_stronghold,
          nicolae_overflow_hidden_temple, lemuel_round_altar, enter_bailey_5,
          due_unseen_surprise
D:10:     layout_rooms, lair_entry_dummy, uniq_urug, uniq_maggie, uniq_joseph
D:11:     layout_small_grid, amcnicky_mini_rare_corridor_liquid
D:12:     layout_cave_pods, serial_shops, nicolae_shop_trees,
          nicolae_blasting_shop, minivault_25
D:13:     layout_irregular_city
D:14:     layout_cave_pods, erik_vaults_2, serial_park, serial_park_tiny_pond,
          serial_park_avenue1, uniq_azrael
Temple:   dpeg_three_leaves_temple
Lair:1:   layout_chaotic_city, uniq_nergalle
Lair:2:   layout_cave_pods, lemuel_centaur_altar, infiniplex_staircase_pool
Lair:3:   layout_gridlike, shoals_dummy_entry, kennysheep_snail_temple
Lair:4:   layout_gridlike, guppyfry_snake_entry_island
Lair:5:   layout_loops_ring, minmay_slime_entry_pillars,
          nicolae_lair_grove_arrangements, beast_lair_carwin_1,
          minmay_lair_oklob_chamber, infiniplex_staircase_pool_2,
          grunt_megastairs_2, uniq_josephine

Skill      XL: |  1  2  3  4  5  6  7  8  9 10 11 12 13 14 |
---------------+-------------------------------------------+-----
Fighting       | 1 2 3 4 5 6 7 8 9 |  9.1
Spellcasting   | 3 4 5 6 7 8 9 |  9.1
Ice Magic      | 5 6 7 8 9 10 | 10.9
Summonings     | 2 3 4 5 |  5.0
Evocations     | 3 5 7 9 10 11 | 11.3
Conjurations   | 2 4 5 6 7 8 |  8.3
Dodging        | 2 3 4 5 6 |  6.1
Stealth        | 3 5 |  5.0
Air Magic      | 1 3 4 |  4.3
Shields        | 1 4 |  4.0
Armour         | 3 5 |  5.2
Staves         | |  0.5
Earth Magic    | |  0.4

Action                   |  1- 3 |  4- 6 |  7- 9 | 10-12 | 13-15 || total
-------------------------+-------+-------+-------+-------+-------++-------
Melee: Unarmed           |     3 |       |       |       |       ||     3
       Whip              |       |    71 |       |       |       ||    71
       Flail             |       |    20 |   206 |   594 |   224 ||  1044
       Staff             |       |       |       |       |    10 ||    10
 Cast: Freeze            |    41 |    65 |    92 |   123 |       ||   321
       Frozen Ramparts   |     2 |     9 |    19 |    47 |     3 ||    80
       Ozocubu's Armour  |       |       |     7 |    33 |       ||    40
       Summon Ice Beast  |       |       |     3 |    45 |     6 ||    54
       Hailstorm         |       |       |       |    13 |    11 ||    24
       Summon Lightning  |       |       |       |       |     2 ||     2
Evoke: Wand              |       |       |     3 |     1 |       ||     4
  Use: Scroll            |       |     5 |     9 |    12 |     9 ||    35
       Potion            |       |       |       |     2 |     1 ||     3
 Stab: Sleeping          |       |     4 |     5 |     5 |       ||    14
       Distracted        |       |       |     1 |       |       ||     1
Armor: Robe              |    12 |    63 |   189 |   470 |       ||   734
       Steam dragon scal |       |       |       |   207 |       ||   207
       Leather armour    |       |       |       |     5 |   181 ||   186
Dodge: Dodged            |    30 |   138 |   237 |   881 |   181 ||  1467
Block: Buckler           |       |       |       |    10 |    61 ||    71
